 Dungeon Crawl Stone Soup version 0.18-a0-1354-gbc5753f (webtiles) character file.

13756 Ratboiler the Destroyer (level 11, -1/66 HPs)
             Began as a Deep Elf Wanderer on Feb 19, 2016.
             Was an Elder of Vehumet.
             Slain by a spiny frog (18 damage)
             ... on level 2 of the Lair of Beasts.
             The game lasted 01:13:25 (16605 turns).

Ratboiler the Destroyer (Deep Elf Wanderer)        Turns: 16605, Time: 01:13:25

Health: -1/66      AC:  8    Str:  6    XL:     11   Next: 79%
Magic:  3/45       EV: 17    Int: 22    God:    Vehumet [****..]
Gold:   424        SH:  0    Dex: 16    Spells: 8 memorised, 16 levels left

rFire  . . .     SeeInvis .     a - staff of power
rCold  . . .     Gourm    .     c - +0 robe
rNeg   . . .     Faith    .     (no shield)
rPois  +         Spirit   .     z - +0 helmet
rElec  .         Dismiss  .     (no cloak)
rCorr  .         Reflect  .     N - +0 pair of gloves
SustAt .         Harm     .     T - +0 pair of boots
MR     +....                    U - amulet of rage
Stlth  ++........               O - +2 ring of protection
                                e - ring of wizardry

@: repel missiles, somewhat resistant to hostile enchantments, unstealthy
A: poison resistance, shaggy fur 1
a: Renounce Religion, Evoke Berserk Rage


You were on level 2 of the Lair of Beasts.
You worshipped Vehumet.
Vehumet was greatly pleased with you.
You were not hungry.

You visited 3 branches of the dungeon, and saw 14 of its levels.

You collected 627 gold pieces.
You spent 203 gold pieces at shops.

Inventory:

Hand Weapons
 b - the +10 quarterstaff "Ylosis" {venom, *Corrode Int+4 Stlth+}
   (You found it on level 8 of the Dungeon)

   It poisons the flesh of those it strikes.
   It affects your intelligence (+4).
   It may corrode your equipment when you take damage.
   It makes you more stealthy.
 M - a +2 trident of flaming
 X - a +0 blowgun
Missiles
 m - 7 needles of slowing
 G - 17 poisoned needles
Armour
 c - a +0 robe (worn)
 z - a +0 helmet (worn)
 N - a +0 pair of gloves (worn)
 T - a +0 pair of boots (worn)
Magical Staves
 a - an uncursed staff of power (weapon)
 C - an uncursed staff of air
Jewellery
 e - a ring of wizardry (left hand)
 v - an uncursed ring of ice
 I - an uncursed ring of sustain attributes
 J - an uncursed ring of protection from cold
 O - a +2 ring of protection (right hand)
 U - an amulet of rage (around neck)
Wands
 t - a wand of iceblast (3/15)
 x - a wand of disintegration (17/24)
 y - a wand of confusion (13/48)
 K - a wand of paralysis (4/24)
 L - a wand of paralysis (5/24)
 P - a wand of paralysis (9/24)
 W - a wand of iceblast (3/15)
Scrolls
 d - 2 scrolls of remove curse
 l - a scroll of immolation
 n - a scroll of fear
 o - 5 scrolls of teleportation
 r - 2 scrolls of recharging
 s - a scroll of magic mapping
 u - a scroll of blinking {unknown}
 D - a scroll of enchant weapon {unknown}
 F - 3 scrolls of enchant armour
 Q - a scroll of torment {unknown}
 V - a scroll of amnesia {unknown}
Potions
 g - a potion of agility
 h - 2 potions of haste
 i - 2 potions of heal wounds
 k - 3 potions of mutation
 p - a potion of invisibility
 q - 6 potions of lignification
 w - 2 potions of brilliance
 B - a potion of magic
 E - 2 potions of berserk rage
 H - a potion of resistance
 R - 2 potions of flight
Books
 j - a book of Minor Magic

   Spells                             Type                      Level
   a - Magic Dart                     Conjuration                  1
   b - Blink                          Translocation                2
   c - Call Imp                       Summoning                    2
   d - Repel Missiles                 Charms/Air                   2
   e - Slow                           Hexes                        2
   f - Conjure Flame                  Conjuration/Fire             3
   g - Mephitic Cloud                 Conjuration/Poison/Air       3
Comestibles
 f - 8 bread rations
 S - 6 royal jellies


   Skills:
 + Level 6.4 Fighting
   Level 2.0 Short Blades
 - Level 8.0 Dodging
 - Level 2.4 Stealth
   Level 1.0 Shields
 - Level 13.0 Spellcasting
 * Level 13.2 Conjurations
 - Level 1.1 Summonings
 - Level 2.0 Air Magic
 - Level 2.0 Poison Magic


You had 16 spell levels left.
You knew the following spells:

 Your Spells              Type           Power        Failure   Level  Hunger
a - Magic Dart            Conj           ####         1%          1    None
b - Repel Missiles        Chrm/Air       ###...       2%          2    None
c - Mephitic Cloud        Conj/Pois/Air  #####...     1%          3    None
d - Conjure Flame         Conj/Fire      #####...     1%          3    None
e - Call Imp              Summ           ###.....     2%          2    None
f - Shock                 Conj/Air       ####         1%          1    None
g - Fulminant Prism       Conj/Hex       #####.....   1%          4    None
h - Force Lance           Conj/Tloc      #####...     1%          4    None


Dungeon Overview and Level Annotations

Branches:
Dungeon (11/15)            Temple (1/1) D:5            Lair (2/8) D:8
    Orc: D:9-12

Altars:
Ashenzari
Cheibriados
Dithmenos
Elyvilon
Fedhas
Gozag
Kikubaaqudgha
Makhleb
Nemelex Xobeh
Okawaru
Pakellas
Qazlal
Ru
Sif Muna
Trog
Vehumet
Xom
Yredelemnul
Zin
The Shining One

Shops:
D:5 ?

Annotations:
D:3 Azzok's ghost, amateur OpFi
D:4 Menkaure
D:7 Azzok's ghost, novice SpEn


Innate Abilities, Weirdness & Mutations

Your system is resistant to poisons.
You are covered in fur (AC +1).


Message History

Press: ? - help, Dir - move target cursor, p - spiny frog You conjure a prism of explosive energy!
The spiny frog barely misses you.
Your fulminant prism crackles loudly.
The spiny frog stings you!
Your fulminant prism explodes!
The blast of energy engulfs the spiny frog.
The spiny frog is severely wounded.
The blast of energy engulfs the plant.
The plant is moderately damaged.
You hear a howl! x2
Casting: Fulminant Prism
Confirm with . or Enter, or press ? or * to list all spells.
Aiming: Fulminant Prism
Press: ? - help, Dir - move target cursor You conjure a prism of explosive energy!
The spiny frog stings you!!
* * * LOW HITPOINT WARNING * * *
The spiny frog stings you!!
You die...

.?..........................
............................
Y......†....................
...................P........
......†..†........##P.......
....Y...§§.......#.#........
#......§...*.....#####......
#######...F.P##### .###P.
#....@P# ## ## ♣.....##
♣P≈...♣## ♣PP≈≈≈≈≈#
#≈♣P≈P♣P## ##♣≈≈P♣## #≈♣♣#
##


You could see a yak (confused), a spiny frog and a friendly fulminant prism.

Vanquished Creatures
  Erica (D:10)
  A hill giant (D:10)
  A spiny frog (Lair:1)
  2 komodo dragons (Lair:1)
  A queen bee (D:9)
  Grinder (D:6)
  5 blink frogs (Lair:2)
  6 slime creatures
  19 yaks
  Grum (D:11)
  A hungry ghost (D:10)
  4 hippogriffs
  A soldier ant (D:10)
  4 wolves
  An ice beast (D:6)
  An orc warrior (D:8)
  2 porcupines (Lair:1)
  5 sky beasts
  A black bear (D:7)
  4 ogres
  2 centaurs
  3 big kobolds
  8 crocodiles
  Blork the orc (D:7)
  2 giant frogs
  2 gnoll sergeants
  A wyvern zombie (D:7)
  A wyvern skeleton (D:10)
  A scorpion (D:4)
  19 killer bees
  5 wights (D:9)
  3 crimson imps
  A centaur zombie (D:5)
  A giant frog zombie (D:10)
  3 hounds
  2 orc priests (D:5)
  3 jellies
  A centaur skeleton (D:10)
  2 giant frog skeletons
  A gnoll shaman (D:8)
  8 iguanas
  9 worker ants
  7 orc wizards
  A hound skeleton (D:8)
  18 gnolls
  12 adders
  3 shadow imps
  An ooze (D:2)
  An adder skeleton (D:5)
  7 giant geckos
  33 orcs
  4 bats
  6 giant cockroaches
  10 goblins
  7 hobgoblins
  11 jackals
  3 quokkas
  6 giant newts
  21 kobolds
  A quokka skeleton (D:8)
  7 rats
  3 fulminant prisms
  3 fungi
306 creatures vanquished.

Vanquished Creatures (collateral kills)
  Edmund (D:3)
  A sky beast (D:9)
  2 killer bees (D:9)
  A crimson imp (D:7)
  A giant frog zombie (D:5)
  A gnoll shaman (D:4)
  An iguana (D:5)
  A gnoll (D:4)
  2 adders
  A giant gecko (D:1)
  2 jackals (D:4)
14 creatures vanquished.

Vanquished Creatures (others)
  A wyvern (D:6)
  A lightning spire (D:5)
  80 fulminant prisms
  2 fungi (D:8)
84 creatures vanquished.

Grand Total: 404 creatures vanquished

Notes
Turn   | Place    | Note
--------------------------------------------------------------
     0 | D:1      | Ratboiler the Deep Elf Wanderer began the quest for the Orb.
     0 | D:1      | Ratboiler set off with: a book of Minor Magic, 2 potions of lignification, a +0 robe, a +0 dagger, a bread ration
     0 | D:1      | Reached XP level 1. HP: 12/12 MP: 6/6
     2 | D:1      | Learned a level 1 spell: Magic Dart
   254 | D:1      | Reached skill level 1 in Conjurations
   629 | D:1      | Reached XP level 2. HP: 16/16 MP: 2/8
   702 | D:1      | Learned a level 2 spell: Repel Missiles
   705 | D:1      | Learned a level 2 spell: Call Imp
  1041 | D:2      | Reached XP level 3. HP: 20/20 MP: 2/9
  1046 | D:2      | Learned a level 3 spell: Mephitic Cloud
  2519 | D:3      | Noticed Azzok's ghost (amateur OpFi)
  2603 | D:2      | Reached XP level 4. HP: 17/25 MP: 7/10
  2758 | D:3      | Noticed a moth of wrath
  2815 | D:3      | Gained mutation: You are covered in fur (AC +1). [potion of mutation]
  2815 | D:3      | Gained mutation: Your system is resistant to poisons. [potion of mutation]
  2936 | D:3      | Found a bloodstained altar of Trog.
  3116 | D:4      | Reached skill level 1 in Poison Magic
  3204 | D:4      | Reached skill level 4 in Conjurations
  3204 | D:4      | Reached skill level 1 in Air Magic
  3269 | D:4      | Noticed Blork the orc
  3269 | D:4      | Noticed Menkaure
  3594 | D:4      | Noticed a phantom
  4020 | D:4      | Reached XP level 5. HP: 29/29 MP: 11/11
  4069 | D:5      | Entered Level 5 of the Dungeon
  4158 | D:5      | Found Hafaa's Magic Scroll Shoppe.
  4205 | D:5      | Noticed Edmund
  4552 | D:4      | Reached skill level 5 in Conjurations
  5108 | D:3      | Killed Edmund
  5108 | D:3      | Reached XP level 6. HP: 34/34 MP: 9/13
  5221 | D:3      | Learned a level 3 spell: Conjure Flame
  5282 | D:4      | Found a shadowy altar of Dithmenos.
  5358 | D:5      | Found a staircase to the Ecumenical Temple.
  5372 | Temple   | Entered the Ecumenical Temple
  5454 | Temple   | Became a worshipper of Vehumet
  5522 | D:5      | Reached skill level 6 in Conjurations
  5693 | D:5      | Bought a scroll of identify for 28 gold pieces
  5693 | D:5      | Bought a scroll of identify for 28 gold pieces
  5693 | D:5      | Bought a scroll of remove curse for 42 gold pieces
  5693 | D:5      | Bought a scroll of enchant armour for 105 gold pieces
  5746 | D:5      | Reached skill level 5 in Spellcasting
  5762 | D:5      | Reached XP level 7. HP: 38/38 MP: 16/16
  6138 | D:5      | Found an oddly glowing altar of Pakellas.
  6139 | D:5      | Noticed a deep elf annihilator
  6816 | D:6      | Reached skill level 7 in Conjurations
  6907 | D:6      | Noticed Grinder
  6939 | D:6      | Killed Grinder
  6946 | D:6      | Reached XP level 8. HP: 36/43 MP: 15/20
  7551 | D:6      | Found a deep blue altar of Sif Muna.
  7713 | D:7      | Reached * piety under Vehumet
  7713 | D:7      | Offered knowledge of Shock by Vehumet.
  7770 | D:7      | Reached skill level 8 in Conjurations
  7783 | D:7      | Noticed Azzok's ghost (novice SpEn)
  7925 | D:6      | Learned a level 1 spell: Shock
  8232 | D:7      | Reached skill level 9 in Spellcasting
  8348 | D:7      | Killed Blork the orc
  8837 | D:7      | Reached skill level 10 in Spellcasting
  8837 | D:7      | Reached XP level 9. HP: 14/47 MP: 18/25
  9148 | D:7      | Found a basalt altar of Yredelemnul.
  9148 | D:7      | Found a shattered altar of Ashenzari.
  9365 | D:8      | Found a glowing silver altar of Zin.
  9365 | D:8      | Found an opulent altar of Gozag.
  9366 | D:8      | Found a glowing golden altar of the Shining One.
  9393 | D:8      | Found a staircase to the Lair.
  9449 | D:8      | Offered knowledge of Sting by Vehumet.
  9457 | D:8      | Reached ** piety under Vehumet
  9569 | D:8      | Got a faintly glowing quarterstaff
  9813 | D:8      | Reached skill level 10 in Conjurations
 10543 | D:9      | Reached skill level 11 in Spellcasting
 10613 | D:8      | Reached skill level 12 in Spellcasting
 10614 | D:8      | Reached XP level 10. HP: 33/56 MP: 4/28
 10932 | D:9      | Found an opulent altar of Gozag.
 11139 | D:9      | Identified the +10 quarterstaff "Ylosis" {venom, *Corrode Int+4 Stlth+} (You found it on level 8 of the Dungeon)
 11238 | D:9      | Offered knowledge of Throw Flame by Vehumet.
 11508 | D:9      | Reached skill level 5 in Dodging
 11610 | D:9      | Reached *** piety under Vehumet
 11890 | D:8      | Reached skill level 13 in Spellcasting
 12061 | D:9      | Offered knowledge of Fulminant Prism by Vehumet.
 12373 | D:8      | Learned a level 4 spell: Fulminant Prism
 12907 | D:10     | Entered Level 10 of the Dungeon
 13045 | D:10     | Got a turquoise-encrusted chain mail
 13223 | D:10     | Noticed a hill giant
 13252 | D:10     | Killed a hill giant
 13252 | D:10     | Reached skill level 5 in Fighting
 13386 | D:10     | Noticed Erica
 13500 | D:10     | Killed Erica
 13500 | D:10     | Reached XP level 11. HP: 54/63 MP: 30/30
 13601 | D:10     | Reached **** piety under Vehumet
 14183 | D:10     | Offered knowledge of Force Lance by Vehumet.
 14309 | D:10     | Learned a level 4 spell: Force Lance
 14456 | D:11     | Noticed Grum
 14473 | D:11     | Killed Grum
 14600 | D:11     | Noticed a brown ugly thing
 14751 | Lair:1   | Entered Level 1 of the Lair of Beasts
 16605 | Lair:2   | Slain by a spiny frog

Vault maps used:
D:1:      ncdulo_wetmaze
D:2:      first_bread
D:3:      tgw_trog
D:4:      grunt_dithmenos_shadows, uniq_blork_the_orc, uniq_menkaure
D:5:      temple_fountains, serial_shops, shop, minmay_stone_trees_small,
          gammafunk_pakellas_spire_experiment, uniq_edmund
D:6:      lemuel_blue_sif_altar, lemuel_flame_loot_1, uniq_grinder
D:7:      gammafunk_temple_overflow_wave, serial_glass, glass_columns_c,
          glass_columns_b, glass_columns_a, glass_columns_a
D:8:      gammafunk_temple_overflow_claw, dpeg_oklobed_lair
D:9:      david_nohive_1, nicolae_gozag_cash_rules_everything_around_me
D:10:     uniq_erica
D:11:     grunt_decor_resistance, uniq_grum
Temple:   circular_temple_12
Lair:1:   serial_bayou_shore_b, grunt_megastairs_3
Lair:2:   beast_lair_carwin_6, serial_bayou_shore_b

Action                   |  1- 3 |  4- 6 |  7- 9 | 10-12 || total
-------------------------+-------+-------+-------+-------++-------
Melee: Dagger            |    28 |       |       |       ||    28
       Staff             |       |     4 |    27 |     9 ||    40
 Cast: Magic Dart        |    89 |   124 |   217 |   211 ||   641
       Call Imp          |     9 |    39 |    27 |    21 ||    96
       Repel Missiles    |     2 |     1 |       |     2 ||     5
       Mephitic Cloud    |       |    17 |    42 |    61 ||   120
       Conjure Flame     |       |       |    39 |    38 ||    77
       Shock             |       |       |    59 |   150 ||   209
       Fulminant Prism   |       |       |       |    84 ||    84
       Force Lance       |       |       |       |     7 ||     7
Evoke: Wand              |       |       |       |     3 ||     3
  Use: Scroll            |     5 |     7 |     2 |     5 ||    19
       Potion            |       |     1 |     2 |       ||     3
 Stab: Distracted        |     1 |       |       |       ||     1
       Sleeping          |     1 |       |       |       ||     1
       Confused          |       |       |     1 |     1 ||     2
  Eat: Chunk             |     5 |     3 |     5 |     2 ||    15
       Beef jerky        |     1 |       |     2 |       ||     3
       Royal jelly       |       |     1 |       |       ||     1
       Fruit             |       |     4 |       |       ||     4
       Meat ration       |       |     1 |     1 |     3 ||     5
       Bread ration      |       |       |       |     1 ||     1
       Pizza             |       |       |       |     1 ||     1
